 Dungeon Crawl Stone Soup version 0.29-a0-994-gc5c9f59d18 (webtiles) character file.

Game seed: 13311194057540112493

89 xian the Trooper (level 4, -1/32 (35) HPs)
             Began as a Demonspawn Fighter on Aug 3, 2022.
             Slain by a wight
             ... wielding a +0 falchion
              (2 damage)
             ... on level 3 of the Dungeon.
             The game lasted 00:04:28 (1717 turns).

xian the Trooper (Demonspawn Fighter)               Turns: 1717, Time: 00:04:29

HP:   -1/32 (35)    AC:  7    Str: 18    XL:     4   Next: 31%
MP:   6/13          EV:  9    Int:  9    God:
Gold: 92            SH:  4    Dex: 13    Spells: 3/3 levels left

rFire   . . .      SeeInvis .   a - +0 war axe
rCold   . . .      Faith    .   c - +0 buckler
rNeg    . . .      Spirit   .   b - +0 scale mail
rPois   .          Reflect  .   (no helmet)
rElec   .          Harm     .   (no cloak)
rCorr   .          Rampage  .   h - +0 pair of gloves
Will    .....                   (no boots)
Stlth   ..........              (no amulet)
HPRegen 0.10/turn               t - ring of magical power
MPRegen 0.13/turn               (no ring)

@: drained
A: demonic guardian 2
a: no special abilities


You were on level 3 of the Dungeon.
You visited 1 branch of the dungeon, and saw 3 of its levels.

You collected 92 gold pieces.

Inventory:

Hand Weapons
 a - a +0 war axe (weapon)
Armour
 b - a +0 scale mail (worn)
 c - a +0 buckler (worn)
 h - a +0 pair of gloves (worn)
Jewellery
 t - a ring of magical power (left hand)
Wands
 p - a wand of iceblast (11)
Scrolls
 f - a scroll of poison {unknown}
 g - a scroll of teleportation
 k - a scroll of enchant weapon {unknown}
 l - a scroll of immolation
 m - a scroll of fear
 o - a scroll of torment
 r - a scroll of fog {unknown}
Potions
 d - 2 potions of might
 e - a potion of berserk rage {unknown}
 i - 3 potions of curing {unknown}
 j - a potion of heal wounds {unknown}
 n - a potion of haste {unknown}
 q - 2 potions of resistance {unknown}
 s - a potion of invisibility {unknown}


   Skills:
 + Level 3.4 Fighting
 + Level 2.9 Axes
 + Level 3.1 Armour
 + Level 0.4 Dodging
 + Level 3.1 Shields


You had 3 spell levels left.
You didn't know any spells.
Your spell library contained the following spells:

 Spells                   Type           Power      Damage    Failure   Level
 Static Discharge         Conj/Air       0%         3-3/arc   94%         2
 Dispel Undead            Necr           0%         3d6       100%        4
 Sticky Flame             Conj/Fire      0%         2d3       100%        4


Dungeon Overview and Level Annotations

Branches:
Dungeon (3/15)

Altars:
Qazlal

Shops:
D:3 :


Innate Abilities, Weirdness & Mutations

A demonic guardian rushes to your aid.


Message History

Found a twisted bone ring.
The orc shouts!
You hear a shout!
There is an open door here.
An orc is nearby!
t - a ring of magical power
There are no items here.
You feel your magic capacity increase.
t - a ring of magical power (left hand)
An orc is nearby!
The orc barely misses you.
You barely miss the orc. The orc closely misses you.
You slash the orc!
You kill the orc!
You see here a +0 mace.
An orc comes into view. It is wielding a +0 morningstar.
The orc shouts!
A wight comes into view. It is wielding a +0 falchion.
An orc comes into view. It is wielding a +0 dagger.
You see here a +0 mace. 2 wights come into view.
A worm comes into view.
The wight moves out of view.
The orc attacks as you move away! You block the orc's attack.
You hit the orc.
You kill the orc!
A wight comes into view. It is wielding a +3 dagger.
You hit the wight but do no damage. The wight hits you with a +0 falchion!
You feel drained. The orc hits you with a +0 dagger.
A wight comes into view. It is wielding a +0 short sword.
The wight hits you but does no damage.
You hit the wight.
The wight is lightly damaged.
You barely miss the orc.
The wight hits you from afar with a +0 halberd!
* * * LOW HITPOINT WARNING * * *
You feel drained.
* * * LOW HITPOINT WARNING * * *
A demonic guardian appears!
The wight hits you with a +0 falchion.
* * * LOW HITPOINT WARNING * * *
You feel drained.
You die...

#...........# ..
........#####'##.#
.........#......#.#
#........#......#.#
#........#......#.#
...........###..#.#
#........#.#
####+####..#
+.@zzz.z'z.#
#.≈o..≈)#..#
#.≈4_.≈.#..#
#.≈...§.#.>o.
+.......+.##z.
####+###### ..w.
... ..


You could see 5 wights, an orc (ally target) and a friendly orange demon
(summoned).

Vanquished Creatures
  An adder (D:2)
  4 orcs (D:3)
  A ball python (D:3)
  3 endoplasms
  2 giant cockroaches
  3 goblins
  4 hobgoblins (D:1)
  3 kobolds
  3 quokkas (D:1)
  2 bats
  A frilled lizard (D:1)
  7 rats
34 creatures vanquished.

Vanquished Creatures (collateral kills)
  An orc priest (D:3)
  An adder (D:2)
  A frilled lizard (D:3)
3 creatures vanquished.

Grand Total: 37 creatures vanquished

Notes
Turn   | Place    | Note
-------+----------+-------------------------------------------
     0 | D:1      | xian the Demonspawn Fighter began the quest for the Orb.
     0 | D:1      | Reached XP level 1. HP: 18/18 MP: 1/1
   195 | D:1      | Gained mutation: A weak demonic guardian rushes to your
                  | aid. [demonic ancestry]
   195 | D:1      | Reached XP level 2. HP: 24/24 MP: 2/2
   723 | D:2      | Found a stormy altar of Qazlal.
   741 | D:2      | Reached XP level 3. HP: 19/29 MP: 3/3
   962 | D:2      | Found a faded altar of an unknown god.
  1459 | D:3      | Found Zausud's Vocational Training.
  1473 | D:3      | Gained mutation: A demonic guardian rushes to your aid.
                  | [demonic ancestry]
  1473 | D:3      | Reached XP level 4. HP: 22/35 MP: 4/4
  1717 | D:3      | HP: 1/33 [wight/+0 falchion (5)]
  1717 | D:3      | Slain by a wight

Illustrated notes

Levels and vault maps discovered:
D:1:      dpeg_arrival_concentric_ovals, layout_loops_ring
D:2:      layout_basic, hellmonk_ecumenical_altar_blasted, basic_altar
D:3:      layout_basic, mainiacjoe_overflow_six_doors_small,
          nzn_wu_jian_contemplation, fedhas_ov_isle_minmay,
          nicolae_shop_vocational

Skill      XL: |  1  2  3 |
---------------+----------+-----
Armour         | 3 |  3.1
Axes           | 2 |  2.9
Shields        | 3 |  3.1
Fighting       | |  3.4
Dodging        | |  0.4

Action                   |  1- 3 |  4- 6 || total
-------------------------+-------+-------++-------
Melee: War axe           |    82 |     9 ||    91
  Use: Scroll            |     3 |       ||     3
Armor: Scale mail        |    53 |     4 ||    57
Dodge: Dodged            |    45 |     3 ||    48
Block: Buckler           |    20 |     1 ||    21

Table legend: (Time is in decaauts)
 A = Elapsed time spent in this place.
 B = Non-inter-level travel time spent in this place.
 C = Inter-level travel time spent in this place.
 D = Time resting spent in this place.
 E = Time spent auto-exploring this place.
 F = Levels seen in this place.
 G = Mean time per level.
                   A        B        C        D        E       F      G
               +--------+--------+--------+--------+--------+-----+--------+
         Total |   1755 |   1699 |     56 |      0 |   1273 |   3 |  585.0 |
       Dungeon |   1755 |   1699 |     56 |      0 |   1273 |   3 |  585.0 |
               +--------+--------+--------+--------+--------+-----+--------+

Top non-repeatable levels by time:
     D:1: 737 daAuts
     D:2: 680 daAuts
     D:3: 337 daAuts
